 Dungeon Sprint DCSS version 0.30-a0-1161-g0704695555 (webtiles) character file.

Game seed: 9672593440872161919

56 retardedninja the Magician (level 6, 0/48 HPs)
             Began as a Gnoll Fire Elementalist on Apr 27, 2023.
             Was an Elder of Cheibriados.
             Slain by a sky beast (6 damage)
             ... in the Dungeon (Sprint VI: "Thunderdome").
             The game lasted 00:03:45 (367 turns).

retardedninja the Magician (Gnoll Fire Elementalist) Turns: 367, Time: 00:03:46

Health: 0/48       AC:  2    Str: 16    XL:     6   Next: 7%
Magic:  10/15      EV: 16    Int: 26    God:    Cheibriados [****..]
Gold:   235        SH:  0    Dex: 21    Spells: 11/18 levels left

rFire   . .          .
                       - Unarmed
rCold   . . .        (no shield)
rNeg    . . .        a - +0 robe
rPois   .            (no helmet)
rElec   .            (no cloak)
rCorr   .            (no gloves)
SInv    .            (no boots)
Will    .....        (no amulet)
Stlth   ++++         (no ring)
HPRegen 0.28/turn    (no ring)
MPRegen 0.14/turn

%: no teleportation
@: very slow
A: fangs 1, strong nose, distributed training
a: Renounce Religion, Bend Time, Temporal Distortion, Slouch


You were in the Dungeon.
You worshipped Cheibriados.
Cheibriados was greatly pleased with you.
You visited 1 branch You collected 280 gold pieces.
You spent 45 gold pieces at shops.

Inventory:

Armour
 a - a +0 robe (worn)
Jewellery
 h - the amulet "Seirgh" {Acrobat rF+ rN+++ Will- Int+3}
   (You bought it in a shop in the Dungeon)

   [amulet of the acrobat]

   It increases your evasion while moving and waiting.
   Int:       It affects your intelligence (+3).
   rF:        It protects you from fire.
   rN:        It renders you almost immune to negative energy.
   Will:      It decreases your willpower.
Wands
 i - a wand of iceblast (4)
Scrolls
 g - 4 scrolls of blinking
 j - 3 scrolls of fog
Potions
 b - 2 potions of magic
 c - a potion of curing
 d - 4 potions of heal wounds
 e - 4 potions of haste
 f - a potion of berserk rage
 k - a potion of resistance


   Skills:
 + Level 4.2 Fighting
 + Level 4.2 Short Blades
 + Level 4.2 Long Blades
 + Level 4.2 Axes
 + Level 4.2 Maces & Flails
 + Level 4.2 Polearms
 + Level 4.2 Staves
 + Level 4.2 Ranged Weapons
 + Level 4.2 Throwing
 + Level 4.2 Armour
 + Level 6.3 Dodging
 + Level 6.0 Stealth
 + Level 4.2 Shields
 + Level 4.2 Unarmed Combat
 + Level 6.6 Spellcasting
 + Level 4.2 Conjurations
 + Level 3.5 Hexes
 + Level 3.5 Summonings
 + Level 3.5 Necromancy
 + Level 3.5 Translocations
 + Level 3.5 Transmutations
 + Level 6.5 Fire Magic
 + Level 3.5 Ice Magic
 + Level 3.5 Air Magic
 + Level 3.5 Earth Magic
 + Level 3.5 Poison Magic
 + Level 4.7 Invocations
 + Level 4.2 Evocations


You had 11 spell levels left.
You knew the following spells:

 Your Spells              Type           Power      Damage    Failure   Level
a - Foxfire               Conj/Fire      100%       2x1d9     1%          1
b - Scorch                Fire           84%        2d9       1%          2
c - Flame Wave            Conj/Fire      36%        2d10      7%          4

Your spell library contained the following spells:

 Spells                   Type           Power      Damage    Failure   Level
 Inner Flame              Hex/Fire       34%        N/A       2%          3
 Volatile Blastmotes      Fire/Tloc      68%        2d15      2%          3


Dungeon Overview and Level Annotations

Branches:
Dungeon (1/1)

Altars:
Cheibriados
Dithmenos
Fedhas
Gozag
Kikubaaqudgha
Makhleb
Okawaru
Qazlal
Ru
Sif Muna
Trog
Uskayaw
Vehumet
Wu Jian
Xom
Yredelemnul
Zin
The Shining One
Lugonu

Shops:
D *[??*?*:[((!!!!


Innate Abilities, Weirdness & Mutations

You have very sharp teeth.
Your uncanny sense of smell can sniff out nearby items.
Your experience applies equally to all skills.


Message History

The foxfire hits something.
Unknown command.
Casting: Foxfire (safe; 1% risk of failure)
Press: ? - help, Q - select action, (/) - cycle Dir - look around, f - activate You conjure some foxfire!
The sky beast flickers out of sight!
Unknown command.
The foxfire hits something but does no damage.
The foxfire hits something.
Casting: Foxfire (safe; 1% risk of failure)
Press: ? - help, Q - select action, (/) - cycle Dir - look around, f - activate You conjure some foxfire!
The foxfire hits something.
The foxfire hits something.
Unknown command.
Casting: Foxfire (safe; 1% risk of failure)
Press: ? - help, Q - select action, (/) - cycle Dir - look around, f - activate You conjure some foxfire!
Something hits you. Something shocks you.
Unknown command.
The foxfire hits something.
The foxfire hits something!
Something barely misses you.
Casting: Foxfire (safe; 1% risk of failure)
Press: ? - help, Q - select action, (/) - cycle Dir - look around, f - activate You conjure some foxfire!
Something hits you. Something shocks you. Something hits you.
Something shocks you.
The foxfire hits something but does no damage.
The foxfire hits something.
Something hits you. Something shocks you. Something hits you.
* * * LOW HITPOINT WARNING * * *
Something shocks you.
* * * LOW HITPOINT WARNING * * *
Casting: Foxfire (safe; 1% risk of failure)
Press: ? - help, Q - select action, (/) - cycle Dir - look around, f - activate You conjure some foxfire!
Something hits you.
* * * LOW HITPOINT WARNING * * *
Something shocks you.
You die...

##.___......###....~.___
###∩........8.# #.8.......
##.............###.........
#⌠..........###...###......
#⌠..........# #.<.# #......
#⌠..........###...###......
##.............###.........
###∩....v.v.8.# #.8.......
##∩___.@....###......___
######{8.........8.####
#⌠...........⌠#
###.........### #_........#
#_........# #_......._#
#∩.......∩# ##∩.....∩##


There were no monsters in sight!

Vanquished Creatures
  A sky beast (D)
  A scorpion (D)
  A crimson imp (D)
  A quasit (D)
  2 white imps (D)
  2 ufetubi (D)
  5 giant cockroaches (D)
13 creatures vanquished.

Vanquished Creatures (others)
  62 foxfires (D)
62 creatures vanquished.

Grand Total: 75 creatures vanquished

Notes
Turn   | Place    | Note
-------+----------+-------------------------------------------
     0 | D        | retardedninja the Gnoll Fire Elementalist began the quest
                  | for the Orb.
     0 | D        | Reached XP level 1. HP: 13/13 MP: 6/6
     1 | D        | Found a glowing golden altar of the Shining One.
     2 | D        | Found a shadowy altar of Dithmenos.
     3 | D        | Found a blossoming altar of Fedhas.
     4 | D        | Found Qostre's Do-It-Yourself Clinic.
     4 | D        | Found an ornate altar of the Wu Jian Council.
     4 | D        | Found a stormy altar of Qazlal.
     4 | D        | Found Piegampu's Distillery.
     5 | D        | Found an iron altar of Okawaru.
     5 | D        | Round 1.
     6 | D        | Found Bovatt's Weapon Rack.
     7 | D        | Found Sargh's Basic Armour.
     7 | D        | Found Gereud's Miscellaneous Merchandise.
    24 | D        | Found Cuower's Bottled Wisdom.
    24 | D        | Found Vailueno's Distillery.
    32 | D        | Found an ancient bone altar of Kikubaaqudgha.
    35 | D        | Found a sacrificial altar of Ru.
    37 | D        | Found Yrphej's Staff Store.
    38 | D        | Found a corrupted altar of Lugonu.
    38 | D        | Found a bloodstained altar of Trog.
    38 | D        | Found Kisonij's Magic Scroll Shop.
    39 | D        | Found Qygaon's Must-Have Magic.
    39 | D        | Found Arhin's Magic Scroll Shop.
    43 | D        | Found a basalt altar of Yredelemnul.
    44 | D        | Found a shimmering blue altar of Sif Muna.
    45 | D        | Found a snail-covered altar of Cheibriados.
    50 | D        | Reached skill level 5 in Spellcasting
    54 | D        | Reached skill level 1 in Invocations
    57 | D        | Reached skill level 1 in Fighting
    57 | D        | Reached skill level 1 in Short Blades
    57 | D        | Reached skill level 1 in Long Blades
    57 | D        | Reached skill level 1 in Axes
    57 | D        | Reached skill level 1 in Maces & Flails
    57 | D        | Reached skill level 1 in Polearms
    57 | D        | Reached skill level 1 in Staves
    57 | D        | Reached skill level 1 in Ranged Weapons
    57 | D        | Reached skill level 1 in Throwing
    57 | D        | Reached skill level 1 in Armour
    57 | D        | Reached skill level 1 in Shields
    57 | D        | Reached skill level 1 in Unarmed Combat
    57 | D        | Reached skill level 1 in Evocations
    61 | D        | Found Sayruadi's Jewellery.
    61 | D        | Found Gocka's Advanced Armour.
    68 | D        | Became a worshipper of Cheibriados the Contemplative
    70 | D        | Noticed a scorpion
    71 | D        | Reached XP level 2. HP: 20/21 MP: 0/8
    71 | D        | Found a shimmering altar of Xom.
    71 | D        | Found a hide-covered altar of Uskayaw.
    71 | D        | Found Zotinu's Identification Station.
    71 | D        | Found a radiant altar of Vehumet.
    82 | D        | Killed a scorpion
    82 | D        | Reached * piety under Cheibriados
    82 | D        | Arena points: 14 (+14) [x2]
    83 | D        | Reached skill level 5 in Dodging
    83 | D        | Reached XP level 3. HP: 17/28 MP: 7/10
    83 | D        | Reached XP level 4. HP: 21/34 MP: 7/11
   131 | D        | Round 2.
   178 | D        | Found an opulent altar of Gozag.
   179 | D        | Found a glowing silver altar of Zin.
   180 | D        | Found a burning altar of Makhleb.
   180 | D        | Found Efeipte's Premium Goods.
   194 | D        | Reached skill level 5 in Stealth
   194 | D        | Reached ** piety under Cheibriados
   244 | D        | Learned a level 2 spell: Scorch
   257 | D        | Reached *** piety under Cheibriados
   258 | D        | Reached XP level 5. HP: 37/41 MP: 9/13
   281 | D        | Arena points: 56 (+42) [x3]
   292 | D        | Round 3.
   296 | D        | Noticed a sky beast
   299 | D        | Learned a level 4 spell: Flame Wave
   303 | D        | Killed a sky beast
   303 | D        | Reached **** piety under Cheibriados
   304 | D        | Reached XP level 6. HP: 48/48 MP: 10/15
   344 | D        | Bought a scintillating crystal amulet for 45 gold pieces
   344 | D        | Identified the amulet "Seirgh" {Acrobat rF+ rN+++ Will-
                  | Int+3} (You bought it in a shop in the Dungeon)
   355 | D        | Noticed a sky beast
   356 | D        | Noticed a sky beast
   367 | D        | Slain by a sky beast

Illustrated notes

Levels and vault maps discovered:
D:        arena_sprint

Skill      XL: |  1  2  3  4  5 |
---------------+----------------+-----
Conjurations   | 2 3 4 |  4.2
Spellcasting   | 5 6 |  6.6
Invocations    | 1 2 3 4 |  4.7
Fighting       | 1 2 3 4 |  4.2
Short Blades   | 1 2 3 4 |  4.2
Long Blades    | 1 2 3 4 |  4.2
Axes           | 1 2 3 4 |  4.2
Maces & Flails | 1 2 3 4 |  4.2
Polearms       | 1 2 3 4 |  4.2
Staves         | 1 2 3 4 |  4.2
Ranged Weapons | 1 2 3 4 |  4.2
Throwing       | 1 2 3 4 |  4.2
Armour         | 1 2 3 4 |  4.2
Shields        | 1 2 3 4 |  4.2
Unarmed Combat | 1 2 3 4 |  4.2
Evocations     | 1 2 3 4 |  4.2
Dodging        | 5 6 |  6.3
Hexes          | 2 3 |  3.5
Summonings     | 2 3 |  3.5
Necromancy     | 2 3 |  3.5
Translocations | 2 3 |  3.5
Transmutations | 2 3 |  3.5
Ice Magic      | 2 3 |  3.5
Air Magic      | 2 3 |  3.5
Earth Magic    | 2 3 |  3.5
Poison Magic   | 2 3 |  3.5
Stealth        | 5 6 |  6.0
Fire Magic     | 6 |  6.5

Action                     |  1- 3 |  4- 6 || total
---------------------------+-------+-------++-------
   Cast: Foxfire           |    12 |    24 ||    36
  Evoke: Wand              |       |     6 ||     6
    Use: Potion            |     1 |       ||     1
 Armour: Robe              |     7 |     7 ||    14
  Dodge: Dodged            |    17 |    26 ||    43

Table legend: (Time is in decaauts)
 A = Elapsed time spent in this place.
 B = Non-inter-level travel time spent in this place.
 C = Inter-level travel time spent in this place.
 D = Time resting spent in this place.
 E = Time spent auto-exploring this place.
 F = Levels seen in this place.
 G = Mean time per level.
                   A        B        C        D        E       F      G
               +--------+--------+--------+--------+--------+-----+--------+
         Total |    442 |    442 |      0 |     74 |     41 |   1 |  442.0 |
       Dungeon |    442 |    442 |      0 |     74 |     41 |   1 |  442.0 |
               +--------+--------+--------+--------+--------+-----+--------+

Top non-repeatable levels by time:
       D: 442 daAuts
